AoeStats
← Maverick

Arena

506076370Analyzed
1v1 RM · 21d ago on Sep 12, 2026· 68m 2s· 2 players
Game mode
Random Map
Map size
Tiny (2 player)
Population
200
Speed
Normal
Resources
Standard
Victory
Conquest
Starting age
Dark Age
Ending age
Imperial Age
RankedLock teamsTeams togetherTeam positionsShared explorationLock speedFull tech treeHidden civsTurbo modeCheats
Victory
Defeat
🇩🇪 Vikings · Germany
1064
+15
🇮🇳 Armenians · India
1038
-15
Maverick
11:05 Feudal Age
15:08 Castle Age
13:23 Horse Collar
13:30 Double-Bit Axe
14:03 Loom
14:20 Stone Mining
14:39 Gold Mining
21:17 Heavy Plow
21:29 Bow Saw
21:36 Loom
22:26 Wheelbarrow
27:41 Imperial Age
25:35 Town Watch
25:43 Town Watch
27:02 Hand Cart
28:16 Town Patrol
27:56 Man-at-Arms
28:22 Gambesons
28:39 Squires
29:36 Conscription
30:25 Gold Shaft Mining
30:21 Fereters
30:20 Long Swordsman
31:19 Forging
31:07 Two-Handed Swordsman
31:51 Champion
33:26 Town Patrol
34:07 Hoardings
33:15 Pikeman
34:10 Redemption
34:21 Fervor
34:34 Sanctity
34:53 Iron Casting
34:19 Scale Mail Armor
34:57 Arson
35:07 Fletching
37:49 Blast Furnace
37:03 Onager
38:54 Murder Holes
39:59 Chemistry
39:20 Ballistics
39:11 Masonry
41:33 Chain Mail Armor
42:28 Fortified Wall
43:57 Plate Mail Armor
46:12 Bodkin Arrow
59:37 Padded Archer Armor
60:03 Bracer
59:26 Elite Skirmisher
LG_Blace
11:24 Feudal Age
15:25 Castle Age
13:20 Horse Collar
13:56 Loom
14:18 Double-Bit Axe
15:42 Light Cavalry
17:43 Bow Saw
18:49 Forging
18:45 Scale Barding Armor
21:03 Heavy Plow
22:13 Town Watch
26:02 Gold Mining
26:02 Stone Mining
29:28 Imperial Age
26:48 Treadmill Crane
27:19 Masonry
26:38 Pikeman
27:31 Squires
27:43 Scale Mail Armor
29:22 Iron Casting
29:02 Chain Mail Armor
28:40 Fletching
28:53 Murder Holes
29:13 Fortified Wall
29:18 Man-at-Arms
29:44 Gambesons
31:46 Two-Man Saw
31:41 Crop Rotation
32:13 Plate Mail Armor
33:25 Hoardings
33:13 Conscription
33:26 Ballistics
34:08 Chemistry
33:48 Heavy Scorpion
33:51 Long Swordsman
34:18 Arson
35:10 Elite Berserk
35:39 Two-Handed Swordsman
36:45 Siege Engineers
37:11 Architecture
37:23 Architecture
37:37 Champion
45:31 Town Patrol
47:01 Blast Furnace
46:09 Bodkin Arrow
53:34 Crossbowman
55:50 Arbalester
56:43 Bracer
56:44 Padded Archer Armor
59:17 Bogsveigar
Connection lost

Rejoining the realm…

Still unreachable

The connection could not be restored.

Session expired

The server has moved on; the page needs a fresh start.